 Dungeon Crawl Stone Soup version 0.28-a0-124-g73ec313a74 (webtiles) character file.

Game seed: 15886383163959147009

44 Ezendos the Poker (level 3, 0/34 HPs)
             Began as a Naga Berserker on Aug 14, 2021.
             Was a Follower of Trog.
             Slain by a goblin (6 damage)
             ... led by Robin
             ... on level 2 of the Dungeon.
             The game lasted 00:02:14 (1806 turns).

Ezendos the Poker (Naga Berserker)                  Turns: 1806, Time: 00:02:14

Health: 0/34       AC:  3    Str: 19    XL:     3   Next: 60%
Magic:  3/3        EV: 10    Int:  7    God:    Trog [*.....]
Gold:   39         SH:  0    Dex: 11    Spells: 2/2 levels left

rFire   . . .      SeeInvis +   g - +0 great sword
rCold   . . .      Faith    .   (shield currently unavailable)
rNeg    . . .      Spirit   .   b - +0 animal skin
rPois   +          Reflect  .   (no helmet)
rElec   .          Harm     .   f - +0 cloak
rCorr   .          Rampage  .   (no gloves)
Will    .....                   (no barding)
Stlth   +.........              (no amulet)
HPRegen 0.11/turn               (no ring)
MPRegen 0.08/turn               (no ring)

@: very slow
A: AC +1, large, see invisible, deformed body, poison resistance, slowness 2,
spit poison 1, naga tail 1
a: Spit Poison, Renounce Religion, Berserk


You were on level 2 of the Dungeon.
You worshipped Trog.
Trog was aware of your devotion.
You visited 1 branch of the dungeon, and saw 2 of its levels.

You collected 39 gold pieces.

Inventory:

Hand Weapons
 a - a +0 spear
 g - a +0 great sword (weapon)
Armour
 b - a +0 animal skin (worn)
 f - a +0 cloak (worn)
Scrolls
 c - 3 scrolls of identify {unknown}
 d - a scroll of fog {unknown}
 e - a scroll of amnesia {unknown}
 i - a scroll of acquirement {unknown}
Potions
 h - a potion of invisibility {unknown}


   Skills:
 * Level 3.5 Fighting
 * Level 3.6 Polearms
 + Level 1.9 Armour
 + Level 1.8 Dodging
 + Level 1.1 Stealth


You had 2 spell levels left.
You didn't know any spells.
Your spell library was empty.

Dungeon Overview and Level Annotations

Branches:
Dungeon (2/15)

Altars:

Annotations:
D:2 Robin


Innate Abilities, Weirdness & Mutations

Your serpentine skin is tough. (AC +1)
You have supernaturally acute eyesight. (SInv)
Armour fits poorly on your strangely shaped body.
Your system is resistant to poisons. (rPois)
You cover ground very slowly.
You can spit poison.
You have a snake-like lower body.


Message History

You have got your breath back.
Robin throws the goblin at you!
The goblin shoots a stone.
The stone closely misses you. The goblin barely misses you.
You riposte.
You hit the goblin.
The goblin is severely wounded.
The goblin hits you with a +0 dagger. Robin throws the goblin at you!
The goblin unwields a +0 hunting sling.
The goblin wields a +0 club.
The goblin hits you but does no damage.
The goblin no longer looks unusually strong. x2
Robin roars a battlecry!
The goblins go into a battle-frenzy!
The goblin hits you but does no damage.
The goblin no longer looks unusually strong.
The goblin barely misses you.
You riposte.
You barely miss the goblin. Robin throws the goblin at you!
The goblin barely misses you.
You riposte.
You closely miss the goblin. The goblin closely misses you.
The goblin unwields a +0 club.
The goblin wields a +0 hunting sling.
The goblin shoots a stone.
The stone closely misses you.
The goblin no longer looks unusually strong.
The goblin shoots a stone.
The stone hits you. The goblin hits you with a +0 club.
* * * LOW HITPOINT WARNING * * *
The goblin no longer looks unusually strong.
The goblin shoots a stone.
The stone hits you but does no damage. The goblin hits you but does no damage.
A goblin comes into view. It is wielding a +0 dagger.
The goblin no longer looks unusually strong.
The goblin shoots a stone.
The stone hits you.
* * * LOW HITPOINT WARNING * * *
Robin throws the goblin at you!
The goblin unwields a +0 hunting sling.
The goblin wields a +0 club.
The goblin barely misses you.
The goblin shouts!
Robin roars a battlecry!
The goblins go into a battle-frenzy!
The goblin hits you with a +0 club.
* * * LOW HITPOINT WARNING * * *
There is a stone staircase leading up, spattered with blood here.
The goblin shoots a stone.
The stone barely misses you. The goblin hits you with a +0 club.
You die...

## #.# .####.#######
.g##........#
#..#........#
##..........#
##g........##
##........g..###########
#..#.#.......g.gg......#
#.##...#.#.#.g..@......#
#.####......g.ggg....g.#
#.#....#.#.#...........#
#.#.#).................#
#.#....#.#.#...#.####..#
#.#..#.........#... .#
#.##.#.....#..#####. #
#.##.......##...
#..........# ###


You could see Robin and 9 goblins.

Vanquished Creatures
  A dart slug (D:1)
  8 endoplasms (D:1)
  A giant cockroach (D:1)
  7 goblins
  2 hobgoblins (D:1)
  A jackal (D:1)
  3 quokkas
  6 ball pythons (D:1)
  A frilled lizard (D:1)
  3 kobolds
  3 rats (D:1)
36 creatures vanquished.

Notes
Turn   | Place    | Note
-------+----------+-------------------------------------------
     0 | D:1      | Ezendos the Naga Berserker began the quest for the Orb.
     0 | D:1      | Reached XP level 1. HP: 21/21 MP: 1/1
   244 | D:1      | Reached XP level 2. HP: 28/28 MP: 2/2
   662 | D:1      | Reached skill level 1 in Stealth
   826 | D:1      | Reached XP level 3. HP: 31/34 MP: 3/3
  1784 | D:2      | Noticed Robin
  1806 | D:2      | Slain by a goblin

Illustrated notes

Levels and vault maps discovered:
D:1:      amcnicky_arrival_feature_with_door, layout_loops_corners,
          minmay_heptomino_w4
D:2:      kennysheep_the_goblin_king, layout_rooms, serial_co_window_serial,
          co_window_paths_a, co_window_of_opportunity_a, co_window_paths_a,
          co_window_corner_a, co_window_of_opportunity_a,
          co_window_unsneaky_path_b, co_window_broadway_b, co_window_broadway_c,
          co_window_broadway_c, co_window_broadway_b, glass_columns_b,
          glass_columns_b, glass_columns_b, glass_columns_b, glass_columns_a,
          lemuel_old_faithful, uniq_robin, uniq_natasha, uniq_jessica

Skill      XL: |  1  2 |
---------------+-------+-----
Stealth        | 1 |  1.1
Fighting       | |  3.5
Polearms       | |  3.6
Armour         | |  1.9
Dodging        | |  1.8

Action                   || total
-------------------------++-------
Melee: Spear             ||    67
       Great sword       ||    15
Invok: Berserk           ||     1
 Abil: Spit Poison       ||    16
 Stab: Sleeping          ||     1
Armor: Animal skin       ||    13
Dodge: Dodged            ||    47
       Rpst.: Great sword ||     5

Table legend: (Time is in decaauts)
 A = Elapsed time spent in this place.
 B = Non-inter-level travel time spent in this place.
 C = Inter-level travel time spent in this place.
 D = Time resting spent in this place.
 E = Time spent auto-exploring this place.
 F = Levels seen in this place.
 G = Mean time per level.
                   A        B        C        D        E       F      G
               +--------+--------+--------+--------+--------+-----+--------+
         Total |   2176 |   2023 |    153 |     25 |   1689 |   2 | 1088.0 |
       Dungeon |   2176 |   2023 |    153 |     25 |   1689 |   2 | 1088.0 |
               +--------+--------+--------+--------+--------+-----+--------+

Top non-repeatable levels by time:
     D:1: 2005 daAuts
     D:2: 171 daAuts
